 Dungeon Crawl Stone Soup version 0.19.4 (webtiles) character file.

363 Naow the Conjurer (level 6, -4/32 HPs)
             Began as a Deep Elf Conjurer on Feb 1, 2017.
             Slain by reezer's ghost (12 damage)
             ... on level 4 of the Dungeon.
             The game lasted 00:05:26 (4109 turns).

Naow the Conjurer (Deep Elf Conjurer)               Turns: 4109, Time: 00:05:26

Health: -4/32      AC:  2    Str:  5    XL:     6   Next: 39%
Magic:  7/26       EV: 13    Int: 22    God:
Gold:   110        SH:  0    Dex: 15    Spells: 4 memorised, 5 levels left

rFire  . . .     SeeInvis .     o - +1 short sword (speed)
rCold  . . .     Gourm    .     a - +0 robe
rNeg   + . .     Faith    .     (no shield)
rPois  .         Spirit   .     (no helmet)
rElec  .         Reflect  .     (no cloak)
rCorr  .         Harm     .     (no gloves)
MR     .....                    (no boots)
Stlth  ++........               (no amulet)
                                t - ring of magical power
                                h - ring of positive energy

@: very slightly contaminated
A: no striking features
a: no special abilities


You were on level 4 of the Dungeon.
You were very hungry.

You visited 1 branch of the dungeon, and saw 4 of its levels.

You collected 110 gold pieces.

Inventory:

Hand Weapons
 o - a +1 short sword of speed (weapon)
Armour
 a - a +0 robe (worn)
Jewellery
 h - a ring of positive energy (left hand)
 j - an uncursed amulet of faith
 t - a ring of magical power (right hand)
Wands
 e - a wand of flame (11/48)
Scrolls
 f - 2 scrolls of teleportation {unknown}
 g - a scroll of remove curse
 i - a scroll of enchant armour {unknown}
 k - a scroll of magic mapping {unknown}
 l - 2 scrolls of identify {unknown}
 n - 3 scrolls of noise {unknown}
 r - a scroll of immolation {unknown}
 w - 3 scrolls of recharging {unknown}
 y - a scroll of random uselessness {unknown}
Potions
 p - a potion of flight {unknown}
 q - 2 potions of agility {unknown}
 s - a potion of cancellation {unknown}
 v - a potion of cure mutation {unknown}
 x - a potion of lignification {unknown}
Books
 b - a book of Conjurations

   Spells                             Type                      Level
   a - Magic Dart                     Conjuration                  1
   b - Searing Ray                    Conjuration                  2
   c - Dazzling Spray                 Conjuration/Hexes            3
   d - Fulminant Prism                Conjuration/Hexes            4
   e - Iskenderun's Mystic Blast      Conjuration                  4
   f - Iskenderun's Battlesphere      Conjuration/Charms           5
Comestibles
 c - 4 bread rations
 d - 2 meat rations
 u - a royal jelly


   Skills:
 - Level 2.4 Dodging
 - Level 2.4 Stealth
 + Level 6.0 Spellcasting
 + Level 6.8 Conjurations
 + Level 2.8 Charms


You had 5 spell levels left.
You knew the following spells:

 Your Spells              Type           Power        Failure   Level  Hunger
a - Magic Dart            Conj           ####         1%          1    None
b - Searing Ray           Conj           #####.       1%          2    None
c - Iskenderun's Battles  Conj/Chrm      ####....     38%         5    #####..
d - Iskenderun's Mystic   Conj           #####...     8%          4    ###....


Dungeon Overview and Level Annotations

Branches:
Dungeon (4/15)
 Temple: D:4-7

Altars:
Elyvilon
Ru
Xom

Annotations:
D:4 reezer's ghost, novice TrBe


Message History

Reezer's ghost is heavily damaged.
The orb of energy explodes!
The mystic blast hits the leopard gecko.
You kill the leopard gecko!
Reezer's ghost completely misses you.
Casting: Iskenderun's Mystic Blast
Confirm with . or Enter, or press ? or * to list all spells.
Aiming: Iskenderun's Mystic Blast
Press: ? - help, Shift-Dir - straight line, f/p - reezer's ghost
Aim: reezer's ghost (heavily damaged)
The orb of energy hits reezer's ghost.
Reezer's ghost is almost destroyed.
The orb of energy explodes!
You are feeling very hungry.
Reezer's ghost shouts, "I was like you once."
Reezer's ghost hits you!
* * * LOW HITPOINT WARNING * * *
A leopard gecko comes into view.
The leopard gecko moves out of view.
Reezer's ghost hits you!
You die...

##.######
#.......#
#.......#
#.......#
........#
##..(../..
#.W.......
#@.......
#........
##.#####.
.. ♣♣≈ ≈.
##


You could see reezer's ghost.

Vanquished Creatures
  The ghost of cba the Sneak, an amateur OpAs of Dithmenos (D:3)
  Terence (D:1)
  Natasha (D:2)
  Ijyb (D:2)
  Robin (D:2)
  3 adders
  3 oozes
  A worm (D:2)
  3 dart slugs
  6 leopard geckos
  12 orcs (D:3)
  6 giant cockroaches
  11 goblins
  10 hobgoblins
  2 jackals (D:1)
  2 quokkas
  13 bats
  4 frilled lizards
  3 kobolds
  A quokka skeleton (D:2)
  3 rats
88 creatures vanquished.

Notes
Turn   | Place    | Note
-------+----------+-------------------------------------------
     0 | D:1      | Naow the Deep Elf Conjurer began the quest for the Orb.
     0 | D:1      | Reached XP level 1. HP: 10/10 MP: 6/6
   109 | D:1      | Reached XP level 2. HP: 15/15 MP: 0/8
   490 | D:1      | Reached skill level 5 in Conjurations
   784 | D:1      | Reached XP level 3. HP: 19/19 MP: 1/10
  1158 | D:2      | Noticed Robin
  1165 | D:2      | Noticed Terence
  1336 | D:1      | Learned a level 2 spell: Searing Ray
  1493 | D:1      | Killed Terence
  1493 | D:1      | Reached XP level 4. HP: 15/24 MP: 3/12
  1642 | D:2      | Killed Robin
  2014 | D:2      | Noticed Ijyb
  2033 | D:2      | Killed Ijyb
  2166 | D:2      | Reached skill level 5 in Spellcasting
  2325 | D:2      | Reached XP level 5. HP: 28/28 MP: 10/14
  2332 | D:2      | Learned a level 5 spell: Iskenderun's Battlesphere
  2337 | D:2      | Learned a level 4 spell: Iskenderun's Mystic Blast
  2744 | D:2      | Noticed Natasha
  2750 | D:2      | Killed Natasha
  3153 | D:3      | Noticed cba's ghost (amateur OpAs)
  3163 | D:3      | Killed cba's ghost
  3163 | D:3      | Reached XP level 6. HP: 25/32 MP: 4/16
  3255 | D:3      | Found a white marble altar of Elyvilon.
  3702 | D:3      | Found a shimmering altar of Xom.
  4003 | D:3      | Found a sacrificial altar of Ru.
  4099 | D:4      | Noticed reezer's ghost (novice TrBe)
  4109 | D:4      | Slain by reezer's ghost

Skill      XL: |  1  2  3  4  5  6 |
---------------+-------------------+-----
Conjurations   | 5 6 |  6.8
Spellcasting   | 4 5 6 |  6.0
Charms         | 2 |  2.8
Dodging        | |  2.4
Stealth        | |  2.4

Action                   |  1- 3 |  4- 6 || total
-------------------------+-------+-------++-------
Melee: Unarmed           |    17 |       ||    17
 Cast: Magic Dart        |    76 |   102 ||   178
       Searing Ray       |     3 |     8 ||    11
       Iskenderun's Myst |       |     4 ||     4
  Use: Potion            |       |     2 ||     2
       Scroll            |       |     1 ||     1
  Eat: Chunk             |     1 |     8 ||     9
Armor: Robe              |     1 |     4 ||     5
Dodge: Dodged            |    21 |    20 ||    41
